 Dungeon Crawl Stone Soup version 0.30-a0-591-g3c58d2bc28 (webtiles) character file.

Game seed: 3733223514736707346

2418 Newt the Cudgeller (level 9, -1/58 HPs)
             Began as a Demonspawn Gladiator on Jan 4, 2023.
             Was a Priest of Hepliaklqana.
             Slain by a gnoll sergeant
             ... wielding a +3 antimagic spear
              (5 damage)
             ... on level 7 of the Dungeon.
             The game lasted 00:08:19 (7002 turns).

Newt the Cudgeller (Demonspawn Gladiator)           Turns: 7002, Time: 00:08:19

Health: -1/58      AC:  5    Str: 24    XL:     9   Next: 24%
Magic:  6/16       EV: 11    Int: 11    God:    Hepliaklqana [***...]
Gold:   357        SH: 12    Dex: 18    Spells: 18/18 levels left

rFire   . . .      SeeInvis +    n - +11 hammer "Transmigrator" {spect, +Blink rC- Dex+4 SInv}
rCold   x . .      Faith    .    G - +2 kite shield
rNeg    . . .      Spirit   .    b - +0 leather armour
rPois   .          Reflect  .    k - +1 hat
rElec   .          Harm     .    (no cloak)
rCorr   .          Rampage  .    B - +0 pair of gloves
Will    .....                    (no boots)
Stlth   +                        D - amulet of the acrobat
HPRegen 0.29/turn                s - ring of see invisible
MPRegen 0.15/turn                y - +6 ring of strength

@: weakened, studying Transmutations, very slow
A: reduced essence, antennae 1, foul stench 1, powered by death 1
a: Renounce Religion, Evoke Blink, Recall Ancestor, Ancestor Identity,
Transference


You were on level 7 of the Dungeon.
You worshipped Hepliaklqana.
Hepliaklqana was most pleased with you.
You visited 2 branches of the dungeon, and saw 8 of its levels.

You collected 357 gold pieces.

Inventory:

Hand Weapons
 a - a +1 rapier of venom
 n - the +11 hammer "Transmigrator" (weapon) {spect, +Blink rC- Dex+4 SInv}
   (You found it on level 2 of the Dungeon)

   Dex:       It affects your dexterity (+4).
   rC:        It makes you vulnerable to cold.
   SInv:      It lets you see invisible.
   +Blink:    It lets you blink.
 o - the +9 spear "Ynism" {venom, rF+ rN+ Will+}
   (You took it off a gnoll on level 3 of the Dungeon)

   rF:        It protects you from fire.
   rN:        It protects you from negative energy.
   Will:      It increases your willpower.
Missiles
 d - 2 throwing nets (quivered)
 e - 8 javelins
 l - 12 poisoned darts
 m - 5 atropa-tipped darts
Armour
 b - a +0 leather armour (worn)
 c - a +0 helmet
 i - a +0 buckler
 k - a +1 hat (worn)
 B - a +0 pair of gloves (worn)
 G - a +2 kite shield (worn)
Jewellery
 s - a ring of see invisible (left hand)
 u - a ring of fire
 x - a ring of magical power
 y - a +6 ring of strength (right hand)
 D - an amulet of the acrobat (around neck)
 I - a +6 ring of dexterity
Wands
 q - a wand of mindburst (4)
 A - a wand of flame (18)
 C - a wand of charming (19)
 K - a wand of acid (4)
Scrolls
 f - 4 scrolls of teleportation
 h - a scroll of butterflies
 p - 2 scrolls of fog
 v - a scroll of brand weapon
 F - 2 scrolls of magic mapping {unknown}
 H - 3 scrolls of vulnerability {unknown}
 L - a scroll of poison {unknown}
Potions
 g - a potion of haste
 j - a potion of mutation
 r - a potion of curing
 t - a potion of berserk rage
 w - a potion of attraction
 z - 3 potions of degeneration
 E - a potion of brilliance {unknown}
 J - 2 potions of lignification {unknown}


   Skills:
 - Level 4.0 Fighting
 - Level 2.6 Short Blades
 - Level 6.0 Maces & Flails
 - Level 1.7 Throwing
 - Level 2.6 Dodging
 - Level 2.0 Stealth
 + Level 3.8 Shields
 - Level 5.0 Spellcasting
 - Level 6.0 Transmutations
 - Level 4.0 Evocations


You had 18 spell levels left.
You didn't know any spells.
Your spell library contained the following spells:

 Spells                   Type           Power      Damage    Failure   Level
 Spider Form              Tmut/Pois      9%         N/A       54%         3
 Magic Dart               Conj           8%         1d3       58%         1
 Call Imp                 Summ           2%         N/A       73%         2
 Ensorcelled Hibernation  Hex/Ice        4%         N/A       73%         2
 Scorch                   Fire           4%         2d5       73%         2
 Gell's Gravitas          Tloc           2%         N/A       91%         3
 Mephitic Cloud           Conj/Pois/Air  2%         N/A       91%         3
 Teleport Other           Tloc           2%         N/A       91%         3
 Anguish                  Hex/Necr       1%         N/A       100%        4
 Flame Wave               Conj/Fire      2%         2d4       100%        4
 Dispersal                Tloc           1%         N/A       100%        6
 Summon Cactus Giant      Summ           1%         N/A       100%        6


Dungeon Overview and Level Annotations

Branches:
Dungeon (7/15)             Temple (1/1) D:4

Altars:
Ashenzari
Cheibriados
Dithmenos
Fedhas
Gozag
Hepliaklqana
Kikubaaqudgha
Makhleb
Nemelex Xobeh
Okawaru
Qazlal
Ru
Sif Muna
Trog
Uskayaw
Vehumet
Wu Jian
Xom
Yredelemnul

Shops:
D:2 =   D:7 :


Innate Abilities, Weirdness & Mutations

Your life essence is reduced to manifest your ancestor. (-10% HP)
You have a pair of small antennae on your head.
You may rarely emit foul miasma when damaged in melee.
You regenerate a little health from kills.


Message History

You hit the ogre.
The ogre is lightly wounded.
Your +11 hammer "Transmigrator" {spect, +Blink rC- Dex+4 SInv} hits the ogre!
The gnoll bouda splashes around in the water.
The gnoll sergeant hits you from afar with a +3 antimagic spear!
You feel your power leaking away.
Tepiltzin points at the gnoll bouda and mumbles some strange words.
The gnoll bouda resists with some effort.
You block the kobold brigand's attack.
The ogre hits you with a +0 giant spiked club!!
* * * LOW HITPOINT WARNING * * *
The gnoll closely misses you.
You hit the ogre.
The ogre is severely wounded.
Your +11 hammer "Transmigrator" {spect, +Blink rC- Dex+4 SInv} hits the ogre!!
You kill the ogre!
You hear a splash.
You block the gnoll sergeant's attack.
An ogre comes into view. It is wielding a +0 giant spiked club.
Tepiltzin barely misses the gnoll bouda.
You block the kobold brigand's attack.
Tepiltzin casts a spell at the gnoll bouda.
The gnoll bouda resists with some effort.
The gnoll splashes around in the water.
The gnoll bouda hits you with a +0 whip.
* * * LOW HITPOINT WARNING * * *
The gnoll sergeant hits you from afar with a +3 antimagic spear.
* * * LOW HITPOINT WARNING * * *
You feel your power leaking away. You block the hound's attack.
Unknown command.
Your unstable footing causes you to fumble your attack.
You block the kobold brigand's attack. The hound barely misses you.
The kobold brigand splashes around in the water.
Tepiltzin closely misses the gnoll bouda.
The gnoll closely misses you.
The gnoll bouda hits you with a +0 whip!
* * * LOW HITPOINT WARNING * * *
The gnoll sergeant hits you from afar with a +3 antimagic spear.
You die...

....' .O..# ....#
#############''''## .g
#..................
#####≈~~~≈~~≈≈≈Kgg...~≈
≈≈≈≈≈≈≈≈~≈≈≈≈≈≈≈Rg....~≈
≈~~≈~~~~≈~~~~~~~@hh...≈~
...............§K......
#............####.####
#....!...)...# #
#...$....†...# .#
###....####### ##.#####.
#..!.# #........
#....##########........
##
#......................
#.


You could see the friendly Tepiltzin the hexer, 2 kobold brigands, an ogre, a
gnoll sergeant (swift), a gnoll bouda (ally target), a howler monkey, a hound
and a gnoll (swift).

Vanquished Creatures
  The ghost of FakeRyeBread the Ruffian, a novice TrFi (D:5)
  A water moccasin (D:7)
  A black bear (D:5)
  A sky beast (D:7)
  2 ice beasts (D:6)
  4 ogres
  A centaur (D:6)
  The ghost of Heh the Stinger, an amateur OpVM (D:3)
  Blork the orc (D:5)
  A bullfrog (D:7)
  2 gnoll sergeants (D:6)
  2 scorpions
  A water moccasin zombie (D:6)
  2 vampire bats (D:3)
  3 howler monkeys
  Crazy Yiuf (D:2)
  2 orc priests (D:4)
  A water moccasin simulacrum (D:5)
  An iguana (D:4)
  2 orc wizards
  A bullfrog simulacrum (D:5)
  A centaur simulacrum (D:5)
  A howler monkey zombie (D:6)
  12 gnolls
  An adder (D:5)
  A shadow imp (D:7)
  2 white imps (D:5)
  A howler monkey simulacrum (D:5)
  3 worms (D:2)
  A dart slug (D:2)
  20 orcs
  7 ball pythons
  4 bats (D:2)
  2 bat skeletons (D:3)
  4 bat zombies (D:3)
  3 endoplasms
  3 giant cockroaches
  3 goblins
  10 hobgoblins
  6 jackals
  5 quokkas
  2 frilled lizards
  5 kobolds
  A rat (D:2)
130 creatures vanquished.

Vanquished Creatures (collateral kills)
  A gnoll (D:6)
1 creature vanquished.

Vanquished Creatures (others)
  A gnoll (D:3)
  6 fungi
  10 plants (D:3)
17 creatures vanquished.

Grand Total: 148 creatures vanquished

Notes
Turn   | Place    | Note
-------+----------+-------------------------------------------
     0 | D:1      | Newt the Demonspawn Gladiator began the quest for the Orb.
     0 | D:1      | Reached XP level 1. HP: 16/16 MP: 1/1
   186 | D:1      | Reached skill level 1 in Stealth
   392 | D:1      | Gained mutation: You have a pair of small antennae on your
                  | head. [demonic ancestry]
   392 | D:1      | Reached XP level 2. HP: 22/22 MP: 2/2
  1174 | D:2      | Reached XP level 3. HP: 28/28 MP: 3/3
  1506 | D:2      | Identified the +11 hammer "Transmigrator" {spect, +Blink
                  | rC- Dex+4 SInv}
  1580 | D:2      | Found Usofung's Jewellery Shoppe.
  2035 | D:2      | Found a runed translucent door.
  2036 | D:2      | Noticed Crazy Yiuf
  2050 | D:2      | Killed Crazy Yiuf
  2051 | D:2      | Reached XP level 4. HP: 11/37 MP: 4/4
  2544 | D:3      | Found a faded altar of an unknown god.
  2565 | D:3      | Identified the +9 spear "Ynism" {venom, rF+ rN+ Will+}
  2598 | D:3      | Found a transporter.
  2779 | D:3      | Found a transporter.
  2838 | D:3      | Found an ancient bone altar of Kikubaaqudgha.
  2842 | D:3      | Reached XP level 5. HP: 40/42 MP: 5/5
  2944 | D:4      | Found a staircase to the Ecumenical Temple.
  2949 | Temple   | Entered the Ecumenical Temple
  3138 | Temple   | Became a worshipper of Hepliaklqana the Forgotten
  3774 | D:4      | Found a stormy altar of Qazlal.
  3774 | D:4      | Found a sacrificial altar of Ru.
  3869 | D:4      | Reached XP level 6. HP: 35/48 MP: 6/6
  3951 | D:4      | Reached * piety under Hepliaklqana
  4215 | D:5      | Entered Level 5 of the Dungeon
  4299 | D:5      | Reached skill level 5 in Maces & Flails
  4355 | D:5      | Noticed Blork the orc
  4362 | D:5      | Killed Blork the orc
  4363 | D:5      | Gained mutation: You regenerate a little health from kills.
                  | [demonic ancestry]
  4363 | D:5      | Reached XP level 7. HP: 48/48 MP: 7/7
  4424 | D:5      | Found a runed translucent gate.
  4424 | D:5      | Found a runed translucent gate.
  4424 | D:5      | Found a runed translucent gate.
  4514 | D:5      | Noticed FakeRyeBread's ghost (novice TrFi)
  4554 | D:5      | Found an opulent altar of Gozag.
  4556 | D:5      | Reached ** piety under Hepliaklqana
  4557 | D:5      | Remembered your ancestor Tepiltzin as a hexer
  4779 | D:3      | Noticed Heh's ghost (amateur OpVM)
  4902 | D:3      | Reached skill level 1 in Evocations
  4919 | D:3      | Killed Heh's ghost
  5316 | D:5      | Killed FakeRyeBread's ghost
  5317 | D:5      | Reached XP level 8. HP: 10/54 MP: 8/8
  5680 | D:6      | Reached skill level 5 in Transmutations
  5867 | D:6      | Reached skill level 1 in Spellcasting
  6066 | D:6      | Found a basalt altar of Yredelemnul.
  6264 | D:6      | Found an iron altar of Okawaru.
  6594 | D:6      | Reached skill level 5 in Spellcasting
  6600 | D:6      | Reached skill level 1 in Shields
  6600 | D:6      | Gained mutation: You may rarely emit foul miasma when
                  | damaged in melee. [demonic ancestry]
  6600 | D:6      | Reached XP level 9. HP: 58/58 MP: 16/16
  6684 | D:6      | Reached *** piety under Hepliaklqana
  6782 | D:7      | Found Jiuxam's Book Shoppe.
  7002 | D:7      | Slain by a gnoll sergeant

Illustrated notes

Levels and vault maps discovered:
D:1:      wheals_arrival_shading, layout_basic, st_stairs_10,
          serial_bayou_lagoon_a
D:2:      kennysheep_six_static_rooms, layout_rooms, serial_shops,
          nicolae_square_shop, minmay_statues_item, minmay_cupped,
          uniq_crazy_yiuf_cottage
D:3:      layout_rooms, kennysheep_vampire_church,
          gammafunk_ghost_gnarly_gnolls,
          shapermc_ecumenical_altar_mp_urbaneastern, hangedman_decor_lopped,
          minivault_19
D:4:      layout_loops_corners, nicolae_overflow_two_pavilions,
          minmay_temple_entry_hall, minmay_stone_trees_large
D:5:      layout_cave_pools, lemuel_doored_altar, gammafunk_ghost_icy,
          uniq_blork_the_orc
D:6:      layout_cave_pods, lemuel_zombie_altar_yredelemnul,
          hellmonk_okawaru_the_only_friend_you_need,
          mainiacjoe_overflow_24_doors
D:7:      lemuel_castle_with_subvaults [lemuel_castle_interior_carwin_3],
          layout_basic, serial_shops, nicolae_take_the_stairs
Temple:   nicolae_temple_bog_church

Skill      XL: |  1  2  3  4  5  6  7  8  9 |
---------------+----------------------------+-----
Stealth        | 1 2 |  2.0
Fighting       | 3 4 |  4.0
Maces & Flails | 2 3 5 6 |  6.0
Evocations     | 4 |  4.0
Transmutations | 4 6 |  6.0
Spellcasting   | 5 |  5.0
Shields        | 1 3 |  3.8
Short Blades   | |  2.6
Throwing       | |  1.7
Dodging        | |  2.6

Action                   |  1- 3 |  4- 6 |  7- 9 || total
-------------------------+-------+-------+-------++-------
Melee: Rapier            |    91 |       |       ||    91
       Mace              |    20 |    52 |    84 ||   156
Throw: Throwing net      |     1 |       |       ||     1
Invok: Ancestor Life: He |       |       |     1 ||     1
Evoke: Wand              |       |       |     1 ||     1
  Use: Scroll            |     5 |     2 |     7 ||    14
       Potion            |       |       |     3 ||     3
 Stab: Sleeping          |     2 |     8 |       ||    10
       Confused          |       |       |     5 ||     5
       Distracted        |       |       |     1 ||     1
Armor: Leather armour    |    29 |     8 |     9 ||    46
Dodge: Dodged            |    65 |    34 |    50 ||   149
Block: Buckler           |    19 |    12 |    13 ||    44
       Kite shield       |       |       |    18 ||    18

Table legend: (Time is in decaauts)
 A = Elapsed time spent in this place.
 B = Non-inter-level travel time spent in this place.
 C = Inter-level travel time spent in this place.
 D = Time resting spent in this place.
 E = Time spent auto-exploring this place.
 F = Levels seen in this place.
 G = Mean time per level.
                   A        B        C        D        E       F      G
               +--------+--------+--------+--------+--------+-----+--------+
         Total |   7053 |   6596 |    457 |   1685 |   3950 |   8 |  881.6 |
       Dungeon |   6848 |   6411 |    437 |   1685 |   3781 |   7 |  978.3 |
        Temple |    204 |    185 |     19 |      0 |    169 |   1 |  204.0 |
               +--------+--------+--------+--------+--------+-----+--------+

Top non-repeatable levels by time:
     D:2: 1542 daAuts
     D:4: 1178 daAuts
     D:6: 1072 daAuts
     D:3: 995 daAuts
     D:5: 911 daAuts
     D:1: 881 daAuts
     D:7: 266 daAuts
  Temple: 204 daAuts
